 Dungeon Crawl Stone Soup version 0.27.0-1-g7a089689b8 (webtiles) character file.

Game seed: 7871048255359163330

210 horus123 the Conjurer (level 5, 0/28 HPs)
             Began as a Deep Elf Conjurer on Aug 11, 2021.
             Was an Initiate of Vehumet.
             Slain by an ogre (18 damage)
             ... on level 4 of the Dungeon.
             The game lasted 00:05:45 (2597 turns).

horus123 the Conjurer (Deep Elf Conjurer)           Turns: 2597, Time: 00:05:46

Health: 0/28       AC:  3    Str:  4      XL:     5   Next: 56%
Magic:  7/13       EV: 12    Int: 17 (24) God:    Vehumet [......]
Gold:   201        SH:  0    Dex: 13      Spells: 2/12 levels left

rFire    . . .     SeeInvis .   (no weapon)
rCold    + . .     Faith    .   (no shield)
rNeg     . . .     Spirit   .   a - +1 robe
rPois    .         Reflect  .   (no helmet)
rElec    .         Harm     .   (no cloak)
rCorr    .         Rampage  .   (no gloves)
Will     .....                  (no boots)
Stlth    ++........             (no amulet)
HPRegen  0.09/turn              c - ring of protection from cold
MPRegen  0.13/turn              (no ring)

@: slowed, very slow
A: no striking features
a: Renounce Religion


You were on level 4 of the Dungeon.
You worshipped Vehumet.
Vehumet was noncommittal.
You visited 1 branch of the dungeon, and saw 4 of its levels.

You collected 201 gold pieces.

Inventory:

Armour
 a - a +1 robe (worn)
Jewellery
 c - a ring of protection from cold (left hand)
Scrolls
 e - a scroll of identify
 f - a scroll of immolation
Potions
 b - 4 potions of attraction
 d - a potion of resistance
 g - 2 potions of might {unknown}
 h - a potion of degeneration {unknown}


   Skills:
 + Level 2.7 Dodging
 + Level 3.2 Stealth
 + Level 4.1 Spellcasting
 + Level 6.5 Conjurations
 * Level 2.1 Hexes


You had 2 spell levels left.
You knew the following spells:

 Your Spells              Type           Power      Damage    Failure   Level
a - Magic Dart            Conj           100%       1d8       1%          1
b - Searing Ray           Conj           50%        3d5       1%          2
c - Dazzling Flash        Conj/Hex       36%        N/A       8%          3
d - Fulminant Prism       Conj/Hex       9%         3d7       26%         4

Your spell library contained the following spells:

 Spells                   Type           Power      Damage    Failure   Level
 Sublimation of Blood     Necr           1%         N/A       24%         2
 Wereblood                Tmut           3%         N/A       24%         2
 Mephitic Cloud           Conj/Pois/Air  10%        N/A       19%         3
 Iskenderun's Mystic Bla  Conj/Tloc      14%        2d5       38%         4
 Ignite Poison            Fire/Tmut/Pois 3%         N/A       43%         3
 Bolt of Magma            Conj/Fire/Erth 5%         4d5       87%         5
 Summon Hydra             Summ           1%         N/A       100%        7


Dungeon Overview and Level Annotations

Branches:
Dungeon (4/15)             Temple (0/1) D:4

Altars:
Makhleb
Sif Muna
Vehumet


Message History

You now have 201 gold pieces (gained 7).
You feel sick.
The ball python bites you but does no damage.
The ball python grabs you. The ball python constricts you.
The ball python closely misses you. The ball python constricts you.
Casting: Searing Ray (safe; 1% risk of failure)
Confirm with . or Enter, or press ? or * to list all spells.
Aiming: Searing Ray (safe; 1% risk of failure)
Press: ? - help, Shift-Dir - straight line, f - ball python
Aim: a ball python (constricting you, 77% to hit)
The searing ray hits the ball python!
You kill the ball python!
Vehumet accepts your kill.
The searing ray hits the kobold!
You kill the kobold!
Vehumet accepts your kill. (Press . to maintain the ray.)
You feel sick.
The ogre shouts!
Casting: Searing Ray (safe; 1% risk of failure)
Confirm with . or Enter, or press ? or * to list all spells.
You can't see any susceptible monsters within range! (Use Z to cast anyway.) Unknown command.
The magic dart hits the ogre.
The ogre is lightly wounded.
You feel sick.
You are no longer poisoned.
Casting: Magic Dart (safe; 1% risk of failure)
Confirm with . or Enter, or press ? or * to list all spells.
Aiming: Searing Ray (safe; 1% risk of failure)
Press: ? - help, Shift-Dir - straight line, f/p - ogre
Aim: an ogre, wielding a +0 giant club (lightly wounded, 90% to hit)
The searing ray hits the ogre!
The ogre is moderately wounded. (Press . to maintain the ray.)
The searing ray hits the ogre!
The ogre is severely wounded.
The ogre hits you with a +0 giant club!!
Ouch! That really hurt!
You die...

#.####.......#
#.......#
##.......#
#........#
#.#......#
#....#.(.#
#....#...##
.####...###).[###
.......)..†@O.....#
........#.....#...#
......###..>..# #
.#.... #:....#
##... ..........
#?.. #...###.(.#
#..#...... ....#
#.##... ....# #.
##.. ##.##


You could see an ogre.

Vanquished Creatures
  A bullfrog (D:3)
  A crimson imp (D:3)
  A hound (D:3)
  3 adders (D:2)
  A worm (D:2)
  2 dart slugs (D:2)
  2 bats (D:1)
  6 endoplasms
  A giant cockroach (D:1)
  3 goblins
  3 hobgoblins
  3 jackals (D:1)
  6 kobolds
  A quokka (D:2)
  4 ball pythons
  A frilled lizard (D:2)
  6 rats
45 creatures vanquished.

Vanquished Creatures (others)
  A fungus (D:1)
  A plant (D:1)
2 creatures vanquished.

Grand Total: 47 creatures vanquished

Notes
Turn   | Place    | Note
-------+----------+-------------------------------------------
     0 | D:1      | horus123 the Deep Elf Conjurer began the quest for the Orb.
     0 | D:1      | Reached XP level 1. HP: 10/10 MP: 6/6
    91 | D:1      | Found a faded altar of an unknown god.
   249 | D:1      | Reached XP level 2. HP: 15/15 MP: 6/8
   286 | D:1      | Learned a level 2 spell: Searing Ray
   467 | D:1      | Reached skill level 5 in Conjurations
  1194 | D:2      | Reached XP level 3. HP: 19/19 MP: 6/9
  1274 | D:2      | Learned a level 3 spell: Dazzling Flash
  1540 | D:2      | Reached XP level 4. HP: 24/24 MP: 6/11
  1838 | D:3      | Reached skill level 6 in Conjurations
  1838 | D:3      | Reached skill level 1 in Hexes
  1924 | D:3      | Found a shimmering blue altar of Sif Muna.
  1975 | D:3      | Became a worshipper of Sif Muna the Loreminder
  2123 | D:3      | Found a radiant altar of Vehumet.
  2123 | D:3      | Found a burning altar of Makhleb.
  2129 | D:3      | Reached XP level 5. HP: 20/28 MP: 6/12
  2135 | D:3      | Fell from the grace of Sif Muna
  2135 | D:3      | Became a worshipper of Vehumet
  2528 | D:3      | Learned a level 4 spell: Fulminant Prism
  2581 | D:4      | Found a staircase to the Ecumenical Temple.
  2592 | D:4      | Noticed an ogre
  2597 | D:4      | Slain by an ogre

Illustrated notes

Levels and vault maps discovered:
D:1:      minmay_arrival_three_doors, layout_basic, shapermc_ecumenical_altar_gd
D:2:      minmay_general_purpose_star, layout_basic
D:3:      layout_rooms, grunt_temple_overflow_lords_of_destruction,
          amcnicky_altar_gilded
D:4:      layout_rooms, grunt_dithmenos_smoke, minmay_temple_entry_tees

Skill      XL: |  1  2  3  4  5 |
---------------+----------------+-----
Conjurations   | 5 6 |  6.5
Hexes          | 1 2 |  2.1
Stealth        | 3 |  3.2
Spellcasting   | 4 |  4.1
Dodging        | |  2.7

Action                   |  1- 3 |  4- 6 || total
-------------------------+-------+-------++-------
 Cast: Magic Dart        |    63 |    23 ||    86
       Searing Ray       |       |     3 ||     3
  Use: Scroll            |     5 |     2 ||     7
Armor: Robe              |     1 |     2 ||     3
Dodge: Dodged            |     1 |     1 ||     2
